 Dungeon Crawl Stone Soup version 0.29-a0-367-gc2b5878c41 (webtiles) character file.

Game seed: 3255359640694396545

7 Gargoyl the Skirmisher (level 2, 0/20 HPs)
             Began as a Gargoyle Abyssal Knight on May 1, 2022.
             Was a Believer of Lugonu.
             Frozen to death by an endoplasm (1 damage)
             ... on level 1 of the Dungeon.
             The game lasted 00:00:16 (105 turns).

Gargoyl the Skirmisher (Gargoyle Abyssal Knight)     Turns: 105, Time: 00:00:17

Health: 0/20       AC:  6    Str: 16    XL:     2   Next: 4%
Magic:  3/3        EV: 11    Int: 10    God:    Lugonu [**....]
Gold:   0          SH:  0    Dex: 10    Spells: 1/1 levels left

rFire   . . .      SeeInvis .   a - +1 hand axe
rCold   . . .      Faith    .   (no shield)
rNeg    + . .      Spirit   .   b - +0 leather armour
rPois   ∞          Reflect  .   (no helmet)
rElec   +          Harm     .   (no cloak)
rCorr   .          Rampage  .   (no gloves)
Will    .....                   (no boots)
Stlth   +.........              (no amulet)
HPRegen 0.06/turn               (no ring)
MPRegen 0.08/turn               (no ring)

@: no status effects
A: sickness immunity, AC +2, negative energy resistance 1, electricity
resistance, torment resistance 1, petrification resistance
a: Renounce Religion, Depart the Abyss, Bend Space


You were on level 1 of the Dungeon.
You worshipped Lugonu.
Lugonu was pleased with you.
You visited 1 branch of the dungeon, and saw 1 of its levels.
You visited the Abyss 1 time.

Inventory:

Hand Weapons
 a - a +1 hand axe (weapon)
Armour
 b - a +0 leather armour (worn)
Scrolls
 c - a scroll of teleportation {unknown}


   Skills:
 + Level 3.7 Fighting
 + Level 1.8 Axes
 + Level 2.3 Armour
 + Level 0.7 Dodging
 + Level 2.0 Invocations


You had one spell level left.
You didn't know any spells.
Your spell library was empty.

Dungeon Overview and Level Annotations

Branches:
Dungeon (1/15)

Altars:


Innate Abilities, Weirdness & Mutations

You are immune to sickness and miasma.
Your stone body is resilient. (AC +2)
You are immune to poison.
You resist negative energy. (rN+)
You are resistant to electric shocks. (rElec)
You are resistant to unholy torment.
You are immune to petrification.


Message History

Things that are here:
a +0 dagger; a goblin corpse A bat comes into view.
A goblin comes into view. It is wielding a +0 dagger.
Found 14 gold pieces.
The goblin shouts!
An endoplasm comes into view.
You see here a +0 ring mail.
The endoplasm quivers.
The bat barely misses you.
A hobgoblin comes into view.
A hobgoblin comes into view.
Found a stone staircase leading down.
The hobgoblin shouts! x2
The bat barely misses you. The bat closely misses you.
You barely miss the bat. The bat hits you but does no damage.
You hit the bat.
The bat is moderately wounded.
You closely miss the goblin. The bat hits you.
* * * LOW HITPOINT WARNING * * *
The goblin hits you but does no damage.
Unknown command.
You completely miss the goblin. Your punch misses the goblin.
The bat barely misses you. The goblin hits you but does no damage.
The goblin hits you with a +0 dagger.
* * * LOW HITPOINT WARNING * * *
The endoplasm freezes you.
You are frozen.
* * * LOW HITPOINT WARNING * * *
You hit the goblin.
You kill the goblin!
Lugonu accepts your kill.
You hit the hobgoblin.
You kill the hobgoblin!
Lugonu accepts your kill.
You hit the endoplasm. The bat hits you but does no damage.
The endoplasm freezes you.
You are frozen.
You die...

..........## ...........
..$.......# ##..
..........# ....
.#........## #..#
......[....# #...#
#..........##.....
.....gJ).......##
.......@b[.†....##
......†.#..).†...#
..#...?...##...#.#
........###....#..
>....#.........##.######
.....#..####...##.#.....
........# #...##.......
...#....# ###..##......
##.........


You could see an endoplasm, a hobgoblin and a bat.

Vanquished Creatures
  A bat (D:1)
  2 endoplasms (D:1)
  2 goblins (D:1)
  A hobgoblin (D:1)
  A ball python (D:1)
  2 frilled lizards (D:1)
9 creatures vanquished.

Notes
Turn   | Place    | Note
-------+----------+-------------------------------------------
     0 | Abyss:1  | Gargoyl the Gargoyle Abyssal Knight began the quest for the
                  | Orb.
     0 | Abyss:1  | Reached XP level 1. HP: 14/14 MP: 2/2
     0 | D:1      | Escaped the Abyss
    95 | D:1      | Reached XP level 2. HP: 5/20 MP: 3/3
   104 | D:1      | HP: 1/20 [frozen (2)]
   105 | D:1      | Frozen to death by an endoplasm

Illustrated notes

Levels and vault maps discovered:
D:1:      elethiomel_arrival_infinity_welcomes_careful_drivers, layout_rooms,
          shapermc_ecumenical_altar_acropolis

Action                   || total
-------------------------++-------
Melee: Hand axe          ||    26
Invok: Depart the Abyss  ||     1
Armor: Leather armour    ||    22
Dodge: Dodged            ||    31

Table legend: (Time is in decaauts)
 A = Elapsed time spent in this place.
 B = Non-inter-level travel time spent in this place.
 C = Inter-level travel time spent in this place.
 D = Time resting spent in this place.
 E = Time spent auto-exploring this place.
 F = Levels seen in this place.
 G = Mean time per level.
                   A        B        C        D        E       F      G
               +--------+--------+--------+--------+--------+-----+--------+
         Total |    109 |    109 |      0 |      0 |     57 |   2 |   54.5 |
       Dungeon |    109 |    109 |      0 |      0 |     57 |   1 |  109.0 |
         Abyss |      0 |      0 |      0 |      0 |      0 |   1 |    0.0 |
               +--------+--------+--------+--------+--------+-----+--------+

Top non-repeatable levels by time:
     D:1: 109 daAuts
